 Dungeon Crawl Stone Soup version 0.19-a0-1091-g463c9de (webtiles) character file.

300 Jmtri7 the Cleaver (level 6, -3/51 HPs)
             Began as a Hill Orc Fighter on Aug 7, 2016.
             Slain by Pabst's ghost (6 damage)
             ... on level 4 of the Dungeon.
             The game lasted 00:05:54 (3014 turns).

Jmtri7 the Cleaver (Hill Orc Fighter)               Turns: 3014, Time: 00:05:54

Health: -3/51      AC:  9    Str: 21    XL:     6   Next: 36%
Magic:  6/6        EV:  2    Int:  8    God:
Gold:   261        SH:  9    Dex: 10    Spells: 0 memorised, 5 levels left

rFire  . . .     SeeInvis +     a - +0 war axe
rCold  . . .     Gourm    .     b - +0 scale mail
rNeg   . . .     Faith    .     c - +0 shield
rPois  .         Spirit   .     (no helmet)
rElec  .         Dismiss  .     n - +0 cloak
rCorr  .         Reflect  .     h - +0 pair of gloves
SustAt .         Harm     .     (no boots)
MR     .....                    (no amulet)
Stlth  ..........               (no ring)
                                o - ring of see invisible

@:
A: no striking features
a: no special abilities


You were on level 4 of the Dungeon.
You were very hungry.

You visited 1 branch of the dungeon, and saw 4 of its levels.

You collected 261 gold pieces.

Inventory:

Hand Weapons
 a - a +0 war axe (weapon)
Armour
 b - a +0 scale mail (worn)
 c - a +0 shield (worn)
 h - a +0 pair of gloves (worn)
 n - a +0 cloak (worn)
Jewellery
 o - a ring of see invisible (left hand)
 t - an uncursed ring of ice
 v - an uncursed ring of fire
Wands
 w - a wand of digging (13/24)
 D - a wand of teleportation (3/9)
Scrolls
 g - 2 scrolls of amnesia {unknown}
 i - a scroll of enchant armour {unknown}
 j - 6 scrolls of identify {unknown}
 k - 2 scrolls of magic mapping {unknown}
 r - 2 scrolls of remove curse {unknown}
 s - a scroll of random uselessness {unknown}
 y - a scroll of blinking {unknown}
 z - 3 scrolls of recharging {unknown}
 B - a scroll of teleportation {unknown}
 C - a scroll of enchant weapon {unknown}
Potions
 d - a potion of might
 e - 3 potions of curing {unknown}
 l - a potion of resistance {unknown}
 m - a potion of cure mutation {unknown}
 p - 2 potions of agility {unknown}
 u - a potion of flight {unknown}
 F - a potion of ambrosia {unknown}
 G - a potion of cancellation {unknown}
 I - a potion of brilliance {unknown}
Comestibles
 f - 5 bread rations
 q - 4 fruits
 x - 3 meat rations
 A - 2 beef jerkies
 E - 2 slices of pizza


   Skills:
 - Level 3.6 Fighting
 + Level 8.6 Axes
 - Level 3.2 Armour
 - Level 3.2 Shields


You had 5 spell levels left.
You didn't know any spells.

Dungeon Overview and Level Annotations

Branches:
Dungeon (4/15)
 Temple: D:4-7

Altars:

Annotations:
D:4 Pabst's ghost, novice DsGl


Message History

Pabst's ghost hits you.
You closely miss Pabst's ghost.
Pabst's ghost is moderately damaged.
You block Pabst's ghost's attack.
You hit Pabst's ghost but do no damage.
Pabst's ghost is moderately damaged.
Pabst's ghost hits you but does no damage.
You slash Pabst's ghost!
Pabst's ghost is heavily damaged.
You block Pabst's ghost's attack. Pabst's ghost hits you!
You hit Pabst's ghost.
Pabst's ghost is heavily damaged.
Pabst's ghost hits you!
* * * LOW HITPOINT WARNING * * *
You miss Pabst's ghost.
Pabst's ghost is heavily damaged.
Pabst's ghost hits you!
* * * LOW HITPOINT WARNING * * *
Pabst's ghost hits you.
You die...

########## ####........#
............# #.........#
#.........#
#......[.>#######
##..W............##
#######..@.......#......##
#.......#.########.#.....#
#.......#.# ##.......<
#.....).#.# ##.........
#.....))#.# #..#.......
##.......#.# #.###.....#
#........#.# ##.##......#
#...<....#.#####..##+##....
# ##........#.##....##
#....


You could see Pabst's ghost.

Vanquished Creatures
  A centaur (D:4)
  An orc priest (D:3)
  2 worker ants (D:4)
  Ijyb (D:3)
  4 adders
  An ooze (D:1)
  An adder skeleton (D:4)
  A worm (D:3)
  4 dart slugs
  A giant gecko (D:1)
  8 orcs
  2 giant cockroaches
  7 goblins
  6 hobgoblins
  3 kobolds
  3 quokkas
  2 ball pythons (D:2)
  9 bats
  5 giant newts
  A quokka skeleton (D:4)
  3 rats
66 creatures vanquished.

Notes
Turn   | Place    | Note
-------+----------+-------------------------------------------
     0 | D:1      | Jmtri7 the Hill Orc Fighter began the quest for the Orb.
     0 | D:1      | Reached XP level 1. HP: 19/19 MP: 1/1
    23 | D:1      | Reached skill level 3 in Axes
    86 | D:1      | Reached XP level 2. HP: 26/26 MP: 2/2
   207 | D:1      | Reached skill level 4 in Axes
   610 | D:1      | Reached XP level 3. HP: 31/31 MP: 3/3
   898 | D:2      | Reached skill level 5 in Axes
  1449 | D:3      | Noticed Ijyb
  1470 | D:3      | Killed Ijyb
  1470 | D:3      | Reached XP level 4. HP: 39/39 MP: 4/4
  1481 | D:3      | Reached skill level 6 in Axes
  1681 | D:3      | Reached XP level 5. HP: 45/45 MP: 5/5
  1960 | D:3      | Reached skill level 7 in Axes
  2545 | D:4      | Noticed a centaur
  2553 | D:4      | Killed a centaur
  2553 | D:4      | Reached skill level 8 in Axes
  2553 | D:4      | Reached XP level 6. HP: 51/51 MP: 6/6
  2714 | D:4      | Noticed Pabst's ghost (novice DsGl)
  3013 | D:4      | HP: 2/51 [Pabst's ghost (11)]
  3014 | D:4      | Slain by Pabst's ghost

Vault maps used:
D:1:      zelgadis_glass_arrival_small, nrook_loot_triangle, st_stairs_4
D:2:      first_bread
D:3:      kennysheep_big_flooded_room, uniq_iyjb
D:4:      grunt_temple_overflow_opulence, guppyfry_shop_venom

Skill      XL: |  1  2  3  4  5 |
---------------+----------------+-----
Axes           | 3 4 5 6 8 |  8.6
Fighting       | |  3.6
Armour         | |  3.2
Shields        | |  3.2

Action                   |  1- 3 |  4- 6 || total
-------------------------+-------+-------++-------
Melee: War axe           |   112 |   133 ||   245
  Eat: Chunk             |     2 |     4 ||     6
Armor: Scale mail        |    66 |    59 ||   125
Dodge: Dodged            |    40 |    49 ||    89
Block: Shield            |    54 |    64 ||   118
